 Dungeon Crawl Stone Soup version 0.28.0-62-gf88900778d (webtiles) character file.

Game seed: 9356650507198196149

2367 cbfl8 the Chopper (level 9, -8/68 HPs)
             Began as a Demonspawn Fighter on Mar 25, 2024.
             Mangled by Duvessa
             ... wielding a +0 short sword
              (10 damage)
             ... on level 4 of the Dungeon on Mar 26, 2024.
             The game lasted 00:14:12 (7052 turns).

cbfl8 the Chopper (Demonspawn Fighter)              Turns: 7052, Time: 00:14:13

Health: -8/68      AC: 12    Str: 21    XL:     9   Next: 21%
Magic:  9/9        EV:  9    Int:  7    God:
Gold:   245        SH:  6    Dex: 21    Spells: 8/8 levels left

rFire   + . .      SeeInvis .   a - +0 war axe
rCold   x . .      Faith    .   c - +0 buckler
rNeg    + . .      Spirit   .   p - +2 scale mail "Poism" {Int-2 Dex+4 Stlth+}
rPois   +          Reflect  .   (helmet unavailable)
rElec   +          Harm     .   g - +0 cloak
rCorr   .          Rampage  .   (no gloves)
Will    .....                   (no boots)
Stlth   +.........              (no amulet)
HPRegen 0.21/turn               e - ring of fire
MPRegen 0.11/turn               l - ring of Sif Muna's Supremacy {rElec rPois rN+ Str+4}

@: attractive
A: horns 3, icy blue scales 1, powered by pain 1
a: no special abilities


You were on level 4 of the Dungeon.
You visited 1 branch of the dungeon, and saw 7 of its levels.
You also visited: Bailey.

You collected 245 gold pieces.

Inventory:

Hand Weapons
 a - a +0 war axe (weapon)
Armour
 b - a +0 hat
 c - a +0 buckler (worn)
 g - a +0 cloak (worn)
 p - the +2 scale mail "Poism" (worn) {Int-2 Dex+4 Stlth+}
   (You found it in a bailey)

   Int:       It affects your intelligence (-2).
   Dex:       It affects your dexterity (+4).
   Stlth:     It makes you more stealthy.
Jewellery
 e - a ring of fire (left hand)
 l - the ring of Sif Muna's Supremacy (right hand) {rElec rPois rN+ Str+4}
   (You found it on level 2 of the Dungeon)

   [ring of positive energy]

   Str:       It affects your strength (+4).
   rElec:     It insulates you from electricity.
   rPois:     It protects you from poison.
   rN:        It protects you from negative energy.
Scrolls
 h - 2 scrolls of noise
 i - a scroll of magic mapping
 q - a scroll of identify
Potions
 j - 2 potions of brilliance
 n - a potion of invisibility


   Skills:
 + Level 5.4 Fighting
 + Level 7.2 Axes
 + Level 5.6 Armour
 + Level 4.4 Shields
 * Level 5.2 Evocations


You had 8 spell levels left.
You didn't know any spells.
Your spell library contained the following spells:

 Spells                   Type           Power      Damage    Failure   Level
 Sandblast                Erth           0%         2d4       83%         1
 Ensorcelled Hibernation  Hex/Ice        0%         N/A       93%         2
 Passwall                 Tmut/Erth      0%         N/A       93%         2
 Stone Arrow              Conj/Erth      0%         3d7       99%         3
 Swiftness                Air            0%         N/A       99%         3


Dungeon Overview and Level Annotations

Branches:
Dungeon (7/15)             Bailey (visited)
 Temple: D:4-7

Altars:
Fedhas

Shops:
D:1 (([

Annotations:
D:4 Duvessa


Innate Abilities, Weirdness & Mutations

You have a pair of large horns on your head.
You are partially covered in icy blue scales. (AC +2)
You sometimes gain a little power by taking damage.


Message History

Duvessa is moderately wounded.
You block Duvessa's attack. Duvessa hits you with a +0 short sword.
You barely miss Duvessa. Your headbutt misses Duvessa.
Duvessa is moderately wounded.
Duvessa hits you with a +0 short sword. Duvessa hits you with a +0 short sword!
Invisibility will do you no good right now; use anyway? [Y]es or [N]o only, please.
Invisibility will do you no good right now; use anyway?
Okay, then.
Duvessa rages.
Duvessa hits you with a +0 short sword!
Duvessa rages.
Duvessa hits you with a +0 short sword!
* * * LOW HITPOINT WARNING * * *
A bullfrog zombie comes into view.
Found a stone staircase leading up.
You block Duvessa's attack. Duvessa misses you.
A hound comes into view.
Duvessa rages.
There is a stone staircase leading up here.
Duvessa hits you with a +0 short sword.
* * * LOW HITPOINT WARNING * * *
Duvessa closely misses you.
You climb upwards.
There is a stone staircase leading down here.
It was a potion of attraction.
You feel attractive to monsters. Duvessa closely misses you.
Found a dagger.
You are no longer glowing.
Duvessa hits you with a +0 short sword!
* * * LOW HITPOINT WARNING * * *
Duvessa barely misses you.
Duvessa rages.
Duvessa hits you with a +0 short sword.
* * * LOW HITPOINT WARNING * * *
Duvessa hits you with a +0 short sword!
You die...

#..##..........
#.....>........
#.#...#.######
#...#.# #...#.#
#.#...#.#######
#.....#........
####.e....####
#@####.# #.# .#
...........
#...........
#(.........#
#..........#
#.........g#
#..........#
.......hhO#


You could see Duvessa (berserk).

Vanquished Creatures
  A gargoyle (Bailey)
  Grinder (D:3)
  Eustachio (D:6)
  A vampire (Bailey)
  An ice beast (D:7)
  4 necrophages
  A bullfrog (D:6)
  A kobold brigand (D:6)
  A scorpion (D:5)
  A water moccasin zombie (D:6)
  Dowan (D:5)
  7 vampire bats (Bailey)
  3 wolf zombies (Bailey)
  2 hounds
  3 bullfrog skeletons (D:5)
  An orc priest (D:4)
  A centaur skeleton (D:4)
  2 iguanas
  A hound skeleton (D:5)
  3 gnolls (D:3)
  3 adders
  2 worms
  A dart slug (D:2)
  8 orcs
  4 endoplasms
  6 giant cockroaches
  14 goblins
  5 hobgoblins
  2 jackals (D:1)
  5 quokkas
  7 ball pythons
  4 bats
  5 frilled lizards
  9 kobolds
  24 orc zombies (Bailey)
  6 rats
142 creatures vanquished.

Vanquished Creatures (others)
  2 plants (D:1)
2 creatures vanquished.

Grand Total: 144 creatures vanquished

Notes
Turn   | Place    | Note
-------+----------+-------------------------------------------
     0 | D:1      | cbfl8 the Demonspawn Fighter began the quest for the Orb.
     0 | D:1      | Reached XP level 1. HP: 18/18 MP: 1/1
    49 | D:1      | Found Coosy's Weapon Shoppe.
   610 | D:1      | Gained mutation: You are partially covered in icy blue
                  | scales. (AC +2) [demonic ancestry]
   610 | D:1      | Reached XP level 2. HP: 20/24 MP: 2/2
   673 | D:1      | Found a faded altar of an unknown god.
   789 | D:1      | Found Sumpi's Antique Weapon Emporium.
   963 | D:1      | Found Roboczuk's Antique Armour Shop.
   978 | D:1      | Reached skill level 2 in Axes
  1187 | D:1      | Gained mutation: You have a pair of small horns on your
                  | head. [demonic ancestry]
  1187 | D:1      | Reached XP level 3. HP: 28/29 MP: 3/3
  1857 | D:2      | Identified the ring of Sif Muna's Supremacy {rElec rPois
                  | rN+ Str+4}
  1876 | D:2      | Reached skill level 1 in Evocations
  2580 | D:3      | Noticed Grinder
  2589 | D:3      | Gained mutation: You sometimes gain a little power by
                  | taking damage. [demonic ancestry]
  2589 | D:3      | Reached XP level 4. HP: 28/35 MP: 4/4
  2593 | D:3      | Killed Grinder
  2594 | D:3      | Reached skill level 3 in Axes
  2594 | D:3      | Reached XP level 5. HP: 24/41 MP: 5/5
  3036 | D:3      | Reached XP level 6. HP: 44/47 MP: 6/6
  3693 | D:4      | Reached skill level 4 in Axes
  3699 | D:4      | You fall into a shaft and drop 3 floors!
  3699 | D:7      | Found a flagged portal.
  3760 | Bailey   | Entered a bailey
  4159 | Bailey   | Gained mutation: You have a pair of horns on your head.
                  | [demonic ancestry]
  4159 | Bailey   | Reached XP level 7. HP: 34/53 MP: 7/7
  4415 | Bailey   | Reached skill level 5 in Axes
  4718 | Bailey   | Noticed a gargoyle
  4739 | Bailey   | Killed a gargoyle
  4740 | Bailey   | Reached XP level 8. HP: 35/61 MP: 8/8
  5145 | Bailey   | Identified the +2 scale mail "Poism" {Int-2 Dex+4 Stlth+}
  5245 | Bailey   | Reached skill level 6 in Axes
  5332 | D:6      | Noticed Eustachio
  5491 | D:7      | Found a blossoming altar of Fedhas.
  5572 | D:6      | Killed Eustachio
  5573 | D:6      | Reached skill level 5 in Armour
  5582 | D:6      | Reached skill level 5 in Fighting
  6143 | D:5      | Entered Level 5 of the Dungeon
  6152 | D:5      | Gained mutation: You have a pair of large horns on your
                  | head. [demonic ancestry]
  6152 | D:5      | Reached XP level 9. HP: 66/68 MP: 9/9
  6201 | D:5      | Reached skill level 5 in Evocations
  6289 | D:4      | Reached skill level 7 in Axes
  6679 | D:4      | HP: 2/68 [ogre/+0 giant club (24)]
  7014 | D:5      | Noticed Dowan
  7014 | D:5      | Noticed Duvessa
  7020 | D:5      | Killed Dowan
  7050 | D:4      | HP: 1/68 [Duvessa/+0 short sword (5)]
  7052 | D:4      | Mangled by Duvessa

Illustrated notes

Levels and vault maps discovered:
D:1:      lemuel_arrival_rhombus, layout_loops_corners, serial_shops,
          nicolae_shop_advertising_works [nicolae_subvault_shop_adworks], shop,
          shop, chequers_ecumenical_altar_simple_redux, minivault_25,
          serial_bayou_pond_c, minmay_tromino_i2
D:2:      layout_rooms
D:3:      layout_loops_corners, gup_sewer_entry_pipe, uniq_grinder
D:4:      layout_basic
D:5:      layout_rooms, mainiacjoe_overflow_small_starburst,
          gammafunk_ghost_necromancy, serial_shops, shop_statue, st_stairs_11,
          uniq_duvessa
D:6:      layout_cave_pools, minmay_misc_feat_encased,
          minmay_misc_feat_ornament, chequers_serial_rivers_room_b,
          amcnicky_mini_pool_small, grunt_ministairs_13, uniq_maggie,
          uniq_eustachio
D:7:      layout_basic, fedhas_altar_2, minmay_temple_entry_wispy,
          enter_bailey_5, serial_shops, shop

Skill      XL: |  1  2  3  4  5  6  7  8  9 |
---------------+----------------------------+-----
Armour         | 3 4 5 |  5.6
Axes           | 2 3 4 5 6 7 |  7.2
Evocations     | 1 2 3 4 5 |  5.2
Shields        | 3 4 |  4.4
Fighting       | 4 5 |  5.4

Action                   |  1- 3 |  4- 6 |  7- 9 || total
-------------------------+-------+-------+-------++-------
Melee: War axe           |   156 |    97 |   153 ||   406
       Headbutt          |    10 |    20 |    34 ||    64
Evoke: Wand              |       |       |    25 ||    25
  Use: Potion            |     1 |     1 |     6 ||     8
       Scroll            |       |     4 |     2 ||     6
Armor: Scale mail        |    75 |    71 |   131 ||   277
Dodge: Dodged            |    64 |    63 |   113 ||   240
Block: Buckler           |    40 |    37 |    78 ||   155
